 Dungeon Crawl Stone Soup version 0.18-a0-1157-g59db91b (webtiles) character file.

7 Gorice the Skirmisher (level 2, 0/26 HPs)
             Began as a Ghoul Wanderer on Jan 23, 2016.
             Slain by a rat (2 damage)
             ... on level 1 of the Dungeon.
             The game lasted 00:01:52 (366 turns).

Gorice the Skirmisher (Ghoul Wanderer)               Turns: 366, Time: 00:01:53

Health: 0/26       AC:  2    Str: 14    XL:     2   Next: 0%
Magic:  1/1        EV: 11    Int:  7    God:
Gold:   11         SH:  0    Dex:  9    Spells: 0 memorised, 1 level left

rFire  . . .     SeeInvis .     a - +2 hand axe
rCold  + . .     Gourm    .     d - +0 robe
rNeg   + + +     Faith    .     (no shield)
rPois  ∞         Spirit   .     (no helmet)
rElec  .         Dismiss  .     (no cloak)
rCorr  .         Reflect  .     (no gloves)
SustAt .         Harm     .     (no boots)
MR     .....                    (no amulet)
Stlth  +.........               (no ring)
                                (no ring)

@: rotting, not resistant to hostile enchantments, very unstealthy
A: rotting body, claws 1, carnivore 3, cold resistance 1, negative energy
resistance 3, slow regeneration 1, torment resistance, unbreathing
a: no special abilities


You were on level 1 of the Dungeon.
You were not hungry.

You visited 1 branch of the dungeon, and saw 1 of its levels.

You collected 11 gold pieces.

Inventory:

Hand Weapons
 a - a +2 hand axe (weapon)
Missiles
 Z - 25 stones (quivered)
Armour
 d - a +0 robe (worn)
Scrolls
 b - a scroll of teleportation {!r}
Potions
 c - a potion of curing
Comestibles
 f - a meat ration {!e}


   Skills:
 + Level 3.5 Fighting
   Level 1.0 Short Blades
 + Level 2.9 Axes
 - Level 1.0 Throwing
 - Level 1.0 Armour
 - Level 1.1 Stealth


You had one spell level left.
You didn't know any spells.

Dungeon Overview and Level Annotations

Branches:
Dungeon (1/15)

Altars:


Innate Abilities, Weirdness & Mutations

Your body is rotting away.
You thrive on raw meat.
You are immune to poison.
You have sharp fingernails.
You are carnivorous and can eat meat at any time.
Your flesh is cold resistant.
You are immune to negative energy.
You regenerate slowly when monsters are visible.
You are immune to unholy pain and torment.
You can survive without breathing.


Message History

The rat is moderately wounded.
The rat bites you.
Damage: 2 (max 2)
You barely miss the rat.
The rat is moderately wounded.
The rat barely misses you.
You barely miss the rat.
The rat is moderately wounded.
You hit the hobgoblin.
The hobgoblin is lightly wounded.
The rat barely misses you.
The hobgoblin hits you but does no damage.
The rat misses you.
You hit the hobgoblin but do no damage. The hobgoblin hits you with a club.
Damage: 3 (max 3)
You barely miss the hobgoblin. The hobgoblin hits you with a club.
Damage: 3 (max 3)
You barely miss the hobgoblin. The hobgoblin hits you with a club.
Damage: 3 (max 3)
You closely miss the hobgoblin. The hobgoblin hits you with a club.
Damage: 1 (max 3)
You hit the hobgoblin but do no damage. The hobgoblin hits you with a club.
Damage: 1 (max 3)
You hit the hobgoblin.
The hobgoblin is lightly wounded.
The hobgoblin hits you with a club.
* * * LOW HITPOINT WARNING * * *
Damage: 4 (max 4)
You are too injured to fight recklessly!
You are too injured to fight recklessly!
You are too injured to fight recklessly!
You are too injured to fight recklessly!
You are too injured to fight recklessly!
You are too injured to fight recklessly!
You are too injured to fight recklessly!
You hit the hobgoblin.
The hobgoblin is heavily wounded.
The hobgoblin closely misses you.
You hit the hobgoblin but do no damage.
The hobgoblin is heavily wounded.
The hobgoblin misses you.
You closely miss the hobgoblin.
The hobgoblin is heavily wounded.
The hobgoblin closely misses you. The hobgoblin barely misses you.
You slash the hobgoblin!
You kill the hobgoblin!
You have reached level 2!
You barely miss the rat. The rat barely misses you.
You closely miss the rat. The rat bites you.
You die...

######### #.......#
#.#####.#
##########.#####)#
...............#.# ###
###.###.##.#...#.#####.####
... #.##@##.........#....
#.###>##r##...####.###.#.
#..............##.## ##..
##.......###...###.###...
#...##### #...# ##.#.#..
#...# ##..# ##.##.. #...#
#..# #.##.. ...... ###.##
#.##.# ##..... ..... ...#..


You could see a rat.

Vanquished Creatures
  A giant gecko (D:1)
  A giant cockroach (D:1)
  A hobgoblin (D:1)
  3 rats (D:1)
6 creatures vanquished.

Notes
Turn   | Place    | Note
--------------------------------------------------------------
     0 | D:1      | Gorice the Ghoul Wanderer began the quest for the Orb.
     0 | D:1      | Gorice set off with: a +2 hand axe, a scroll of teleportation {!r}, a potion of curing, a +0 robe, a meat ration {!e}
     0 | D:1      | Reached XP level 1. HP: 19/19 MP: 0/0
   202 | D:1      | HP: 5/19 [giant gecko (3)]
   360 | D:1      | HP: 2/19 [hobgoblin/club (4)]
   364 | D:1      | Reached XP level 2. HP: 2/26 MP: 1/1
   366 | D:1      | Slain by a rat

Vault maps used:
D:1:      elethiomel_arrival_maze

Action                   || total
-------------------------++-------
Melee: Hand axe          ||    42
 Stab: Sleeping          ||     2
  Eat: Chunk             ||     4

Table legend:
 A = Turns spent in this place as a percentage of turns spent in the entire game.
 B = Non-inter-level travel turns spent in this place as a percentage of non-inter-level travel turns spent in the entire game.
 C = Inter-level travel turns spent in this place as a percentage of turns spent in this place.
 D = Turns resting spent in this place as a percentage of non-inter-level travel turns spent in this place.
 E = Turns spent auto-exploring this place as a percentage of non-inter-level travel turns spent in this place.
 F = Non-inter-level travel turns spent in this place divided by the number of levels of this place that you've seen.
                   A       B       C       D       E      F
               +-------+-------+-------+-------+-------+----------------------
         Total | 100.0 | 100.0 |   0.0 |   0.0 |   7.2 | 139.0
       Dungeon | 100.0 | 100.0 |   0.0 |   0.0 |   7.2 | 139.0
               +-------+-------+-------+-------+-------+----------------------

Vault maps used:
D:1:      elethiomel_arrival_maze
